AoeStats
← Jennie

Pilgrims

507653675Analyzed
3v3 RM · 14d ago on Sep 19, 2026· 57m 43s· 6 players
Game mode
Random Map
Map size
Normal (6 player)
Population
200
Speed
Normal
Resources
Standard
Victory
Conquest
Starting age
Dark Age
Ending age
Imperial Age
RankedLock teamsTeams togetherTeam positionsShared explorationLock speedFull tech treeHidden civsTurbo modeCheats
Victory
Defeat
🇨🇳 Saracens · China
987
+15
🇨🇳 Spanish · China
956
+17
881
+20
🇺🇸 Cumans · United States
975
-18
🇦🇷 Teutons · Argentina
966
-17
🇺🇸 Huns · United States
964
-17
Alaric the Visigoth
5:04 Loom
12:03 Feudal Age
12:34 Double-Bit Axe
12:31 Fishing Lines
15:40 Castle Age
16:33 Bow Saw
16:16 Gillnets
17:29 Wheelbarrow
19:11 Medium Warships
20:00 Gold Mining
21:17 Hand Cart
22:19 Town Watch
22:49 Husbandry
25:34 Imperial Age
23:15 Scale Mail Armor
24:36 Chain Mail Armor
25:21 Squires
26:22 Clinker Construction
27:46 Chemistry
27:40 Conscription
27:51 Heavy Warships
27:59 Plate Mail Armor
29:04 Coinage
28:36 Elite Urumi Swordsman
29:59 Forging
29:38 Arson
30:30 Onager
32:14 Banking
33:44 Fletching
35:05 Wootz Steel
36:08 Ballistics
37:02 Iron Casting
38:24 Elite Cannon Galleon
50:19 Blast Furnace
50:19 Hoardings
49:36 Fletching
50:23 Caravan
51:48 Bodkin Arrow
54:04 Murder Holes
56:03 Thumb Ring
55:49 Heated Shot
56:05 Scale Barding Armor
56:00 Bracer
56:22 Carvel Hull
56:13 Fortified Wall
56:26 Husbandry
58:06 Two-Man Saw
57:48 Chain Barding Armor
Jennie
14:24 Feudal Age
16:24 Horse Collar
20:33 Castle Age
21:57 Gold Mining
22:04 Stone Mining
22:45 Double-Bit Axe
24:29 Wheelbarrow
26:56 Hand Cart
35:50 Bloodlines
48:12 Imperial Age
51:03 Caravan
52:51 Clinker Construction
55:56 Coinage
57:17 Banking
289487648
4:59 Loom
12:29 Feudal Age
16:11 Castle Age
15:20 Arson
14:56 Man-at-Arms
17:00 Fishing Lines
17:31 Medium Warships
17:16 Double-Bit Axe
17:27 Long Swordsman
19:08 Scale Mail Armor
19:19 Forging
19:01 Gambesons
19:18 Squires
20:19 Chain Mail Armor
20:20 Gillnets
21:38 Iron Casting
22:02 Wheelbarrow
21:39 Bow Saw
21:13 Horse Collar
21:24 Gold Mining
21:24 Stone Mining
21:55 Scale Barding Armor
23:34 Fletching
26:15 Pikeman
28:07 Hand Cart
28:46 Heavy Plow
34:24 Imperial Age
33:19 Coinage
32:56 Bodkin Arrow
34:17 Stone Shaft Mining
34:28 Padded Archer Armor
34:48 Chain Barding Armor
35:29 Conscription
35:30 Supremacy
36:47 Hoardings
35:43 Sappers
37:37 Two-Man Saw
37:47 Ballistics
38:28 Chemistry
37:29 Bracer
37:45 Leather Archer Armor
40:29 Blast Furnace
40:00 Plate Mail Armor
40:05 Plate Barding Armor
40:01 Ring Archer Armor
40:26 Onager
43:36 Town Watch
44:15 Bloodlines
44:05 Husbandry
43:26 Cavalier
43:27 Light Cavalry
43:30 Elite Cannon Galleon
43:32 Demolition Ship
44:37 Heavy Warships
45:11 Murder Holes
45:26 Fortified Wall
48:07 Banking
49:06 Heavy Warships
48:02 Heavy Demolition Ship
52:23 Paladin
CoCoBudda42
7:51 Loom
11:10 Feudal Age
13:29 Double-Bit Axe
15:11 Fishing Lines
20:48 Castle Age
20:09 Wheelbarrow
20:10 Horse Collar
22:25 Forging
22:21 Scale Barding Armor
24:08 Bloodlines
24:36 Iron Casting
24:22 Chain Barding Armor
24:35 Bow Saw
26:52 Town Watch
28:59 Fletching
35:52 Imperial Age
35:08 Hand Cart
36:52 Murder Holes
37:18 Ballistics
37:59 Chemistry
39:33 Light Cavalry
47:12 Blast Furnace
46:48 Plate Barding Armor
46:47 Cavalier
48:30 Paladin
54:09 Hussar
Diesel_Dab
14:57 Loom
16:45 Feudal Age
20:49 Castle Age
19:01 Fishing Lines
19:47 Double-Bit Axe
23:54 Horse Collar
24:55 Gillnets
25:16 Medium Warships
28:01 Wheelbarrow
29:13 Thumb Ring
29:04 Fletching
31:01 Padded Archer Armor
30:58 Bodkin Arrow
32:11 Hand Cart
32:19 Leather Archer Armor
33:04 Ballistics
32:55 Clinker Construction
32:56 Careening
32:42 Murder Holes
36:48 Imperial Age
34:48 Husbandry
34:59 Bloodlines
38:37 Chemistry
38:06 Parthian Tactics
38:21 Heavy Cavalry Archer
39:49 Bracer
39:55 Scale Barding Armor
40:01 Forging
41:07 Heavy Warships
42:27 Marauders
41:49 Elite Tarkan
51:11 Chain Barding Armor
51:27 Iron Casting
52:35 Caravan
Ornitorrinco
10:20 Loom
13:08 Feudal Age
14:52 Double-Bit Axe
16:25 Wheelbarrow
16:18 Fletching
23:49 Castle Age
27:13 Hand Cart
32:18 Forging
32:38 Scale Mail Armor
32:33 Town Watch
33:29 Horse Collar
35:01 Chain Mail Armor
35:44 Gambesons
45:10 Squires
Connection lost

Rejoining the realm…

Still unreachable

The connection could not be restored.

Session expired

The server has moved on; the page needs a fresh start.